 Dungeon Crawl Stone Soup version 0.22-a0-447-gee5f723 (webtiles) character file.

134 nikopol the Magician (level 4, -1/24 HPs)
             Began as a Deep Elf Fire Elementalist on June 3, 2018.
             Slain by a gnoll
             ... wielding a +0 halberd
              (17 damage)
             ... on level 4 of the Dungeon.
             The game lasted 00:07:47 (3304 turns).

nikopol the Magician (Deep Elf Fire Elementalist)   Turns: 3304, Time: 00:07:47

Health: -1/24      AC:  2    Str:  5    XL:     4   Next: 95%
Magic:  10/12      EV: 12    Int: 21    God:
Gold:   189        SH:  4    Dex: 15    Spells: 2/12 levels left

rFire    + . .     SeeInvis .   (no weapon)
rCold    . . .     Gourm    .   j - +0 buckler
rNeg     . . .     Faith    .   a - +0 robe
rPois    .         Spirit   .   (no helmet)
rElec    .         Reflect  .   (no cloak)
rCorr    .         Harm     .   (no gloves)
MR       .....                  (no boots)
Stlth    ++........             (no amulet)
HPRegen  0.08/turn              r - ring of protection from fire
MPRegen  0.13/turn              (no ring)

@: no status effects
A: no striking features
a: no special abilities


You were on level 4 of the Dungeon.
You were not hungry.

You visited 1 branch of the dungeon, and saw 4 of its levels.

You collected 189 gold pieces.

Inventory:

Armour
 a - a +0 robe (worn)
 j - a +0 buckler (worn)
Jewellery
 q - an uncursed amulet of the gourmand {unknown}
 r - a ring of protection from fire (left hand)
 t - an uncursed ring of magical power {unknown}
Scrolls
 e - 6 scrolls of identify {unknown}
 f - 2 scrolls of enchant weapon {unknown}
 k - a scroll of magic mapping {unknown}
 l - a scroll of random uselessness {unknown}
 m - a scroll of teleportation {unknown}
 p - a scroll of blinking {unknown}
 s - a scroll of fear {unknown}
 u - a scroll of noise {unknown}
Potions
 b - 3 potions of curing {unknown}
 d - a potion of flight {unknown}
 g - 2 potions of haste {unknown}
 h - 2 potions of heal wounds {unknown}
 i - 2 potions of might {unknown}
 n - 2 potions of resistance {unknown}
 o - a potion of cancellation {unknown}
Comestibles
 c - 7 rations


   Skills:
 + Level 2.5 Dodging
 + Level 2.8 Stealth
 * Level 1.6 Shields
 + Level 4.8 Spellcasting
 + Level 2.2 Conjurations
 + Level 3.8 Fire Magic


You had 2 spell levels left.
You knew the following spells:

 Your Spells              Type           Power        Failure   Level  Hunger
a - Flame Tongue          Conj/Fire      ###..        4%          1    None
b - Throw Flame           Conj/Fire      ###...       6%          2    None
c - Conjure Flame         Conj/Fire      ###.....     13%         3    ##.....
d - Sticky Flame          Conj/Fire      ###.....     38%         4    ####...

Your spell library contained the following spells:

 Spells                   Type           Power        Failure   Level  Hunger
 Fireball                 Conj/Fire      ###.......   75%         5    #####..
 Inner Flame              Hex/Fire       ##......     21%         3    ##.....


Dungeon Overview and Level Annotations

Branches:
Dungeon (4/15)
 Temple: D:4-7

Altars:
Makhleb
Xom

Annotations:
D:3 ArgaWasAlreadyTaken's ghost, amateur GrFi


Message History

The flame tongue hits the gnoll.
The gnoll is heavily wounded.
Casting: Flame Tongue (safe; 4% risk of failure)
Confirm with . or Enter, or press ? or * to list all spells.
Aiming: Flame Tongue (safe; 4% risk of failure)
Press: ? - help, Shift-Dir - straight line, f/p - gnoll
Aim: a gnoll, wielding a flail (heavily wounded)
The flame tongue hits the gnoll.
The gnoll is severely wounded.
The gnoll hits you with a flail!
Casting: Flame Tongue (safe; 4% risk of failure)
Confirm with . or Enter, or press ? or * to list all spells.
Aiming: Flame Tongue (safe; 4% risk of failure)
Press: ? - help, Shift-Dir - straight line, f/p - gnoll
Aim: a gnoll, wielding a flail (severely wounded)
Okay, then.
The gnoll misses you.
The gnoll hits you from afar with a halberd!
Ouch! That really hurt!
You die...

## ..##....#...#
.#... ###.####...#
.....##..........#
#........###....##
.###..##.###.......#
..........#..#####.#
............# #
##.#........# (.. #
#..@g....##....#
#......g.........#
###...##g..#####.#
######...# #...#
###.# #g# #.. #.#


You could see 3 gnolls.

Vanquished Creatures
  5 adders
  4 worms
  A dart slug (D:2)
  A leopard gecko (D:3)
  6 orcs
  4 giant cockroaches
  5 goblins
  7 hobgoblins
  4 jackals (D:3)
  4 kobolds
  A quokka (D:3)
  10 bats
  6 frilled lizards
  11 rats
69 creatures vanquished.

Notes
Turn   | Place    | Note
-------+----------+-------------------------------------------
     0 | D:1      | nikopol the Deep Elf Fire Elementalist began the quest for the Orb.
     0 | D:1      | Reached XP level 1. HP: 10/10 MP: 6/6
   343 | D:1      | Reached XP level 2. HP: 15/15 MP: 6/8
   646 | D:1      | Found a shimmering altar of Xom.
  1417 | D:2      | Reached XP level 3. HP: 17/19 MP: 6/10
  1421 | D:2      | Learned a level 2 spell: Throw Flame
  1425 | D:2      | Learned a level 3 spell: Conjure Flame
  1526 | D:2      | Reached skill level 4 in Spellcasting
  1721 | D:2      | Reached skill level 1 in Shields
  2205 | D:2      | Reached XP level 4. HP: 24/24 MP: 9/12
  2239 | D:2      | Learned a level 4 spell: Sticky Flame
  3051 | D:3      | Noticed ArgaWasAlreadyTaken's ghost (amateur GrFi)
  3273 | D:4      | Found a burning altar of Makhleb.
  3304 | D:4      | Slain by a gnoll

Vault maps used:
D:1:      elethiomel_arrival_shortcut, kennysheep_minor_cross,
          supply_closet_lemuel, xom_teletrap_fun
D:2:      kennysheep_six_static_rooms
D:4:      old_standard_altar

Skill      XL: |  1  2  3  4 |
---------------+-------------+-----
Spellcasting   | 4 |  4.8
Shields        | 1 |  1.6
Conjurations   | 2 |  2.2
Dodging        | |  2.5
Stealth        | |  2.8
Fire Magic     | |  3.8

Action                   |  1- 3 |  4- 6 || total
-------------------------+-------+-------++-------
 Cast: Flame Tongue      |    81 |    63 ||   144
       Throw Flame       |     1 |     2 ||     3
  Eat: Chunk             |     4 |     3 ||     7
Armor: Robe              |     7 |     1 ||     8
Dodge: Dodged            |    14 |    17 ||    31
Block: Buckler           |     2 |     7 ||     9

Table legend:
 A = Spawn XP
 B = Non-spawn XP
 C = Spawn XP percentage of total XP
 D = Spawn monster count
 E = Non-spawn monster count
 F = Spawn count percentage of total count
 G = Total turns spent on level
                    A         B        C        D         E        F      G
               +---------+---------+-------+---------+---------+-------+---------
         Total |       0 |     192 |   0.0 |       0 |      69 |   0.0 |  3304
               +---------+---------+-------+---------+---------+-------+---------
           D:1 |       0 |      26 |   0.0 |       0 |      19 |   0.0 |  1094
           D:2 |       0 |      73 |   0.0 |       0 |      24 |   0.0 |  1245
           D:3 |       0 |      90 |   0.0 |       0 |      25 |   0.0 |   934
           D:4 |       0 |       3 |   0.0 |       0 |       1 |   0.0 |    31
               +---------+---------+-------+---------+---------+-------+---------
